[Event "Team 45 45 League T37"]
[Site "Internet Chess Club"]
[Date "2008.05.01"]
[Round "2"]
[White "curtintime"]
[Black "nozmov"]
[Result "1-0"]
[WhiteElo "1400"]
[BlackElo "1430"]
[Opening "Pirc: classical, h3 system"]
[ECO "B08"]
[Time "19:00:01"]
[TimeControl "2700+45"]

1. e4 d6 2. d4 Nf6 3. Nc3 g6 4. Nf3 Bg7 5. h3 c6 6. Be3 O-O 7. Qd2 b5 8. Be2 Qa5
9. Bd3 Ba6 10. O-O b4 11. Bxa6 bxc3 12. bxc3 Nxa6 13. e5 Nd5 14. exd6 exd6 15.
Bh6 Qxc3 16. Qg5 f6 17. Qh4 Nab4 18. Bxg7 Kxg7 19. Qg4 Rad8 20. Nh4 Ne7 21. Rfe1
Rde8 22. Rab1 Nxc2 23. Rxe7+ Rxe7 24. Nf5+ Kf7 25. Nxe7 Kxe7 26. Rb7+ {Black
resigns} 1-0

[Event "Team 45 45 League T37"]
[Site "Internet Chess Club"]
[Date "2008.05.05"]
[Round "2"]
[White "miltools"]
[Black "alexcluster"]
[Result "1-0"]
[WhiteElo "1923"]
[BlackElo "1704"]
[Opening "Sicilian: Najdorf variation"]
[ECO "B98"]
[Time "15:56:39"]
[TimeControl "2700+45"]

1. e4 c5 2. Nf3 d6 3. d4 cxd4 4. Nxd4 Nf6 5. Nc3 a6 6. Bg5 e6 7. f4 Be7 8. Qf3
Qc7 9. O-O-O b5 10. g4 Bb7 11. Bxf6 gxf6 12. f5 e5 13. Nb3 Nd7 14. h4 Nc5 15.
Nxc5 Qxc5 16. Nd5 Rc8 17. Qb3 Rg8 18. Be2 Bxd5 19. Rxd5 Qc7 20. Rhd1 h5 21. gxh5
Rg2 22. R5d2 Rg8 23. Kb1 Kf8 24. h6 Rh8 25. Bh5 Rh7 26. Rg2 Qc4 27. Qxc4 Rxc4
28. Rdg1 Ke8 29. Rg7 Rxh6 30. Bxf7+ Kd7 31. Bxc4 bxc4 32. R1g4 {Black resigns}
1-0

[Event "Team 45 45 League T37"]
[Site "Internet Chess Club"]
[Date "2008.05.01"]
[Round "2"]
[White "fantanaranja"]
[Black "Razorbackchess"]
[Result "1/2-1/2"]
[WhiteElo "1819"]
[BlackElo "1687"]
[Opening "King's Indian: Andersson variation"]
[ECO "E92"]
[Time "17:09:30"]
[TimeControl "2700+45"]

1. d4 Nf6 2. Nf3 g6 3. c4 Bg7 4. Nc3 d6 5. e4 O-O 6. Be2 e5 7. dxe5 dxe5 8. Qxd8
Rxd8 9. Bg5 Re8 10. Rd1 h6 11. Be3 c6 12. O-O Kh7 13. b4 Nbd7 14. Rd2 Ng4 15.
Bg5 Nxh2 16. Kxh2 hxg5 17. Nxg5+ Kg8 18. Nf3 Bh6 19. Rd3 Kg7 20. Rfd1 Nf6 21.
Rd8 Bg4 22. Rxe8 Rxe8 23. c5 Re7 24. Kg1 Rd7 25. Nxe5 Rxd1+ 26. Bxd1 Bxd1 27.
Nxd1 Nxe4 28. Nc4 Bf4 29. a4 Bc7 30. f3 Nf6 31. Nc3 Nd7 32. a5 Ne5 33. Nxe5 Bxe5
34. Ne2 Bb2 35. Kf2 Ba3 36. a6 bxa6 37. Ke3 Bxb4 38. Kd4 Kf6 39. Kc4 Be1 40. Nd4
Kg5 41. Nxc6 Kf4 42. Kd5 Kg3 43. Ne5 Kxg2 44. Nc4 Bg3 45. Nd6 Bf2 46. c6 Bb6 47.
Nxf7 Kxf3 48. Ne5+ Ke2 49. Kd6 g5 50. Nc4 Bd8 51. Kd7 g4 52. Kxd8 g3 53. Ne3
Kxe3 54. c7 g2 55. c8=Q Kf2 56. Qc2+ Kf1 57. Qc4+ Kf2 58. Qd4+ Kf1 59. Qf6+ Ke2
60. Qxa6+ Kf2 61. Qxa7+ Kf1 62. Qf7+ Ke2 63. Qc4+ Kf2 64. Qh4+ Kf1 65. Qf4+ Ke2
66. Qg3 Kf1 67. Qf3+ Kg1 68. Ke7 Kh2 69. Qf4+ Kh3 70. Qf2 Kh2 71. Kf6 Kh1 72.
Qe1+ g1=Q {Game drawn by mutual agreement} 1/2-1/2

[Event "Team 45 45 League T37"]
[Site "Internet Chess Club"]
[Date "2008.05.02"]
[Round "2"]
[White "Frankly"]
[Black "egd01"]
[Result "1-0"]
[WhiteElo "1809"]
[BlackElo "1546"]
[Opening "QGD Slav: 3.Nf3"]
[ECO "D11"]
[Time "15:02:48"]
[TimeControl "2700+45"]

1. d4 d5 2. c4 c6 3. Nf3 Bf5 4. cxd5 cxd5 5. e3 e6 6. Qb3 Qc7 7. Bd2 Nd7 8. Bb5
Nf6 9. O-O Rc8 10. Nc3 Bd6 11. Rac1 Qb8 12. Bxd7+ Nxd7 13. Nb5 Nb6 14. Nxd6+
Qxd6 15. Rxc8+ Nxc8 16. Qxb7 Nb6 17. Qxa7 O-O 18. a3 Ra8 19. Qb7 Rb8 20. Qa6 Nc4
21. Qxd6 Nxd6 22. b4 Nc4 23. Ra1 Nb6 24. Ne5 Bc2 25. Nc6 Rb7 26. Rc1 Ba4 27. Na5
Rb8 28. h3 Kf8 29. Rc7 g6 30. Rb7 Rxb7 31. Nxb7 Nc4 32. Bc1 Ke7 33. Nc5 Nb6 34.
Nxa4 Nxa4 35. Kf1 Kd6 36. Ke1 f6 37. Kd2 e5 38. Kc2 Kc6 39. Bb2 Kb5 40. dxe5
Nxb2 41. exf6 {Black resigns} 1-0

[Event "Team 45 45 League T37"]
[Site "Internet Chess Club"]
[Date "2008.05.02"]
[Round "2"]
[White "arriero55"]
[Black "rubo"]
[Result "0-1"]
[WhiteElo "1512"]
[BlackElo "1761"]
[Opening "Caro-Kann: exchange variation"]
[ECO "B13"]
[Time "15:05:18"]
[TimeControl "2700+45"]

1. e4 c6 2. d4 d5 3. exd5 cxd5 4. Nf3 Bg4 5. Be2 Nc6 6. c3 Nf6 7. Nbd2 e6 8. O-O
Be7 9. Ne1 Bxe2 10. Qxe2 O-O 11. Nc2 Qb6 12. Nb3 a5 13. Ne3 a4 14. Nd2 Na5 15.
Qd3 Rfc8 16. Rb1 Qc6 17. Nf3 b5 18. Ne5 Qb7 19. N3g4 Nxg4 20. Nxg4 b4 21. Bf4 b3
22. a3 Nc4 23. Qg3 g6 24. Nh6+ Kg7 25. Ng4 h5 26. Ne5 Bf6 27. Nxc4 dxc4 28. Be5
Qd5 29. Rfe1 Ra5 30. Re2 Qd8 31. Rbe1 Rd5 32. Qf3 Qe7 33. Bxf6+ Qxf6 34. Qxf6+
Kxf6 35. f4 Rcd8 36. h4 Rf5 37. g3 Rdd5 38. Kg2 Kg7 39. Re5 Kf6 40. Kf3 Rfxe5
41. fxe5+ Kf5 42. Re4 g5 43. Ke3 f6 44. hxg5 fxg5 45. Kf3 Kg6 46. Kg2 Rd8 47.
Re2 Rf8 48. Rf2 Rxf2+ 49. Kxf2 Kf5 50. Kf3 g4+ 51. Ke3 Kg5 52. Kf2 h4 53. gxh4+
Kxh4 54. d5 Kh3 55. d6 Kh2 56. d7 g3+ 57. Ke3 g2 58. d8=Q g1=Q+ {White forfeits
on time} 0-1

[Event "Team 45 45 League T37"]
[Site "Internet Chess Club"]
[Date "2008.05.04"]
[Round "2"]
[White "alexcolins"]
[Black "cer7"]
[Result "0-1"]
[WhiteElo "1733"]
[BlackElo "2018"]
[Opening "English, 1...Nf6 (Anglo-Indian defense)"]
[ECO "A15"]
[Time "11:00:40"]
[TimeControl "2700+45"]

1. c4 Nf6 2. g3 e6 3. Bg2 d5 4. cxd5 exd5 5. Nc3 c6 6. d4 Bf5 7. Bg5 Nbd7 8. Nf3
Qb6 9. Qc1 Ne4 10. O-O Nxg5 11. Qxg5 Bg6 12. Na4 Qb4 13. b3 Be7 14. Qe3 O-O 15.
Ne5 Nxe5 16. Qxe5 Bf6 17. Qf4 Qxd4 18. Qc7 b5 19. Rad1 Qb4 20. Qxc6 bxa4 21.
Bxd5 axb3 22. axb3 Rac8 23. Qa6 Qb6 24. Qa3 Rfe8 25. Bc4 Bh5 26. Qa2 Bd4 27. Qd2
Rcd8 28. Qf4 Qf6 29. Qc7 Bxf2+ 30. Rxf2 Rxd1+ 31. Kg2 Qe7 32. Qf4 Qe4+ 33. Qxe4
Rxe4 34. h3 Rxc4 35. bxc4 h6 36. g4 Bg6 37. h4 Be4+ 38. Kg3 Rc1 39. Kf4 Rxc4 40.
Ke5 Bb7 41. Rf4 Rxf4 42. Kxf4 Kf8 43. e4 Ke7 44. g5 h5 45. Ke3 g6 46. Kd4 Kd6
47. Kd3 Ke5 48. Ke3 Bxe4 49. Ke2 Kf4 {White resigns} 0-1

[Event "Team 45 45 League T37"]
[Site "Internet Chess Club"]
[Date "2008.05.03"]
[Round "2"]
[White "nodoyuna"]
[Black "b-spot"]
[Result "1-0"]
[WhiteElo "1839"]
[BlackElo "1769"]
[Opening "Nimzo-Indian: e3, Hübner variation"]
[ECO "E41"]
[Time "10:59:52"]
[TimeControl "2700+45"]

1. d4 Nf6 2. c4 e6 3. Nc3 Bb4 4. e3 c5 5. Bd3 Nc6 6. Nf3 Bxc3+ 7. bxc3 d6 8. O-O
O-O 9. e4 h6 10. h3 e5 11. Be3 b6 12. Rb1 Qc7 13. d5 Ne7 14. Nh4 g5 15. Nf3 Nh7
16. Nh2 f5 17. exf5 Nxf5 18. Qc2 Nxe3 19. fxe3 Nf6 20. Rf2 Ba6 21. Rbf1 Qe7 22.
Qa4 Bc8 23. Qc2 Bd7 24. Bf5 Rad8 25. Bxd7 Nxd7 26. Qg6+ Kh8 27. Qxh6+ Kg8 28.
Qg6+ Kh8 29. Ng4 Rxf2 30. Rxf2 Rg8 31. Qh6+ Qh7 32. Qxd6 Rg6 33. Nf6 Qg7 34.
Qxd7 {Black resigns} 1-0

[Event "Team 45 45 League T37"]
[Site "Internet Chess Club"]
[Date "2008.05.04"]
[Round "2"]
[White "mickeys"]
[Black "Camalleo"]
[Result "1-0"]
[WhiteElo "1762"]
[BlackElo "1362"]
[Opening "Queen's pawn game"]
[ECO "D02"]
[Time "15:03:45"]
[TimeControl "2700+45"]

1. d4 d5 2. Nf3 e6 3. Bf4 Nf6 4. e3 c6 5. Bd3 Nbd7 6. O-O Be7 7. c4 O-O 8. Nc3
b6 9. cxd5 cxd5 10. Rc1 a6 11. Qc2 Bb7 12. Qb1 Rc8 13. Ne2 Ne4 14. Rxc8 Qxc8 15.
Rc1 Qd8 16. Rc7 Ba8 17. Qc2 Bd6 18. Bxd6 Nxd6 19. Bxa6 Qe7 20. Ne5 Rd8 21. Qa4
Qf6 22. Rxd7 Rf8 23. Rxd6 Qf5 24. Bd3 Qh5 25. Nf4 Qg5 26. Rxb6 h6 27. Qb4 f5 28.
Nxe6 Rc8 29. Nxg5 {Black resigns} 1-0

[Event "Team 45 45 League T37"]
[Site "Internet Chess Club"]
[Date "2008.04.30"]
[Round "2"]
[White "pedrin"]
[Black "Eyechess"]
[Result "1/2-1/2"]
[WhiteElo "1058"]
[BlackElo "1653"]
[Opening "Benkö gambit accepted"]
[ECO "A58"]
[Time "13:54:06"]
[TimeControl "2700+45"]

1. d4 Nf6 2. c4 c5 3. d5 b5 4. cxb5 a6 5. bxa6 g6 6. Bg5 Bg7 7. Nf3 Bxa6 8. Nc3
O-O 9. Bxf6 Bxf6 10. e4 Bxf1 11. Kxf1 d6 12. Qd2 Nd7 13. Ke2 Qb6 14. b3 Qb4 15.
Rhc1 Rfb8 16. Qd3 Bg7 17. h3 Nb6 18. Kf1 c4 19. bxc4 Qxc4 20. Qxc4 Nxc4 21. Rab1
Bh6 22. Rxb8+ Rxb8 23. Rb1 Ra8 24. Rb4 Nd2+ 25. Nxd2 Bxd2 26. Ra4 Rxa4 27. Nxa4
Bb4 28. Nb2 Kf8 29. a4 Ke8 30. Nc4 Kd8 31. a5 Kc7 32. f4 Kb7 33. Ke2 Ka6 34. e5
dxe5 35. Nxe5 f6 36. Nc6 Bd6 37. g3 Kb5 38. Ke3 e6 39. Nd4+ Kxa5 40. dxe6 Kb6
41. f5 Kc5 42. fxg6 hxg6 43. g4 Kd5 44. h4 Bc5 45. Kd3 Kd6 46. h5 gxh5 47. gxh5
Bxd4 48. Kxd4 Kxe6 49. h6 Kf7 {Game drawn by mutual agreement} 1/2-1/2

[Event "Team 45 45 League T37"]
[Site "Internet Chess Club"]
[Date "2008.05.05"]
[Round "2"]
[White "jakesnake"]
[Black "primerpaso"]
[Result "0-1"]
[WhiteElo "1859"]
[BlackElo "1854"]
[Opening "Trompowsky attack (Ruth, Opocenský opening)"]
[ECO "A45"]
[Time "20:59:20"]
[TimeControl "2700+45"]

1. d4 Nf6 2. Bg5 d5 3. Bxf6 exf6 4. e3 Bd6 5. c4 dxc4 6. Bxc4 Qe7 7. Nc3 c6 8.
Nge2 Nd7 9. a3 Nb6 10. Ba2 O-O 11. O-O Rd8 12. Qc2 f5 13. Rad1 Be6 14. Ng3 Bxg3
15. hxg3 Bxa2 16. Nxa2 Qg5 17. Nc1 Nd5 18. Ne2 Rd6 19. Nf4 Re8 20. Nxd5 Rxd5 21.
Rde1 Re4 22. f3 Re6 23. e4 fxe4 24. Rxe4 Qxg3 25. Rxe6 fxe6 26. Qe4 Qd6 27. Rd1
e5 28. b4 Rxd4 29. Rxd4 Qxd4+ 30. Qxd4 exd4 31. Kf2 Kf7 32. Ke2 Ke6 33. Kd3 Kd5
34. f4 h5 35. g3 g6 36. a4 {White resigns} 0-1

[Event "Team 45 45 League T37"]
[Site "Internet Chess Club"]
[Date "2008.05.04"]
[Round "2"]
[White "tryanything"]
[Black "chess9397"]
[Result "1-0"]
[WhiteElo "1676"]
[BlackElo "1773"]
[Opening "Sicilian: closed"]
[ECO "B23"]
[Time "19:02:24"]
[TimeControl "2700+45"]

1. e4 c5 2. Nc3 g6 3. d3 Nc6 4. Nf3 Bg7 5. Be3 d6 6. g3 Nf6 7. Bg2 Bd7 8. O-O
O-O 9. Qe1 Rb8 10. a4 Ng4 11. Rb1 Nxe3 12. fxe3 Nb4 13. Rf2 a6 14. b3 b5 15.
axb5 axb5 16. Nd5 Nxd5 17. exd5 Ra8 18. c3 Qa5 19. Rc2 Ra7 20. Qf2 Bxc3 21. Ng5
Bf5 22. Be4 Bxe4 23. Nxe4 Be5 24. Kg2 Qb4 25. Ra2 Rfa8 26. Rxa7 Rxa7 27. Ng5 f6
28. Ne6 Ra3 29. Qc2 Qa5 30. d4 Ra2 31. Rb2 Rxb2 32. Qxb2 cxd4 33. Qc2 Qc3 34.
Qa2 h5 35. Qa8+ Kh7 36. Qf8 f5 37. Ng5# {Black checkmated} 1-0

[Event "Team 45 45 League T37"]
[Site "Internet Chess Club"]
[Date "2008.05.05"]
[Round "2"]
[White "frankd"]
[Black "chess9793"]
[Result "0-1"]
[WhiteElo "1778"]
[BlackElo "1817"]
[Opening "Sicilian: closed"]
[ECO "B24"]
[Time "22:57:34"]
[TimeControl "2700+45"]

1. e4 c5 2. Nc3 g6 3. g3 Bg7 4. Bg2 Nc6 5. d3 Nf6 6. f4 d6 7. Nf3 O-O 8. O-O Qb6
9. Kh1 Nd4 10. h3 Nh5 11. Kh2 Bd7 12. Nd5 Qd8 13. c3 Nxf3+ 14. Bxf3 Nf6 15. Ne3
Qc8 16. g4 Ne8 17. Nd5 Qd8 18. f5 e6 19. Ne3 exf5 20. exf5 Rb8 21. Bd5 Qh4 22.
Ng2 Qd8 23. fxg6 hxg6 24. Bf4 Bc6 25. Qf3 Bxd5 26. Qxd5 Qd7 27. Rae1 Rd8 28. Bg5
Rb8 29. Re7 Qc6 30. Qf3 f6 31. Bh4 Rf7 32. Rxf7 Kxf7 33. g5 Qxf3 34. Rxf3 f5 35.
Ne3 Nc7 36. Nc4 d5 37. Nd2 Re8 38. Bg3 Re2+ 39. Rf2 Rxf2+ 40. Bxf2 b6 41. Bg3
Ne6 42. Bb8 a6 43. Ba7 b5 44. h4 d4 45. c4 bxc4 46. Nxc4 Ke7 47. Bb8 Kd7 48. Be5
Bf8 49. Kg2 Kc6 50. a4 Kd5 51. Kf3 Bg7 52. Bh2 Nd8 53. Bc7 Nc6 54. Nb6+ Ke6 55.
Kf4 Be5+ 56. Bxe5 Nxe5 57. Nc4 Nxd3+ 58. Kf3 Ne5+ 59. Nxe5 Kxe5 60. b3 a5 61. h5
gxh5 62. g6 Kf6 {White resigns} 0-1

[Event "Team 45 45 League T37"]
[Site "Internet Chess Club"]
[Date "2008.05.04"]
[Round "2"]
[White "Zebbile"]
[Black "kevrose07"]
[Result "1/2-1/2"]
[WhiteElo "1998"]
[BlackElo "1962"]
[Opening "Queen's bishop game"]
[ECO "D02"]
[Time "17:07:37"]
[TimeControl "2700+45"]

1. Nf3 d5 2. d4 Nf6 3. Bf4 Bf5 4. e3 e6 5. Bd3 Bg6 6. O-O Bd6 7. Bxd6 Qxd6 8.
Ne5 Nbd7 9. f4 O-O 10. g4 Bxd3 11. cxd3 c5 12. g5 Ne8 13. Qh5 cxd4 14. exd4 g6
15. Qe2 Nxe5 16. fxe5 Qb6 17. Rf4 Ng7 18. Nc3 Nf5 19. Kh1 Nxd4 20. Qf2 Nf5 21.
Qxb6 axb6 22. Rb4 Ra6 23. a3 Rc8 24. Re1 Rc6 25. Kg1 Ra5 26. Kf2 Kg7 27. Rd1 d4
28. Ne4 Rxe5 29. Rd2 Nd6 30. Rxd4 Nxe4+ 31. dxe4 Rxg5 32. Rd7 Rgc5 33. Rxb7 Rc2
34. Ke3 Rxd2 35. Kxd2 g5 36. a4 Kg6 37. b4 e5 38. a5 bxa5 39. bxa5 f6 40. Rb6
Rc8 41. a6 Ra8 42. Ke2 h5 43. h3 Rc8 44. a7 Ra8 45. Ra6 h4 46. Kf3 Kh5 47. Ra5
Kg6 48. Kg4 Kg7 49. Kf5 Kf7 50. Ra6 Ke7 51. Re6+ Kd8 52. Rxf6 Rxa7 53. Kxg5 Ra3
54. Rh6 Rxh3 55. Rxh4 Rxh4 56. Kxh4 Ke7 57. Kg5 Ke8 58. Kg6 Kd7 59. Kf7 Kd6 60.
Kf6 Kd7 61. Kf5 Kd6 62. Kf6 Kd7 63. Kxe5 Ke7 64. Kf5 Kf7 65. Ke5 Ke7 66. Kd5 Kd7
67. e5 Ke7 68. e6 Ke8 69. Ke5 Ke7 70. Kf5 Ke8 71. Kf6 Kf8 72. Ke5 Ke7 73. Kd5
Ke8 74. Kd6 Kd8 {Game drawn by mutual agreement} 1/2-1/2

[Event "Team 45 45 League T37"]
[Site "Internet Chess Club"]
[Date "2008.05.04"]
[Round "2"]
[White "AntonioMendonca"]
[Black "Fezzik"]
[Result "1/2-1/2"]
[WhiteElo "1739"]
[BlackElo "2054"]
[Opening "English: Caro-Kann defensive system"]
[ECO "A11"]
[Time "18:13:49"]
[TimeControl "2700+45"]

1. c4 c6 2. g3 d5 3. cxd5 cxd5 4. Bg2 Nf6 5. Qb3 e5 6. Nc3 d4 7. Nd5 Nc6 8. d3
Nxd5 9. Bxd5 Qf6 10. a3 Be7 11. h4 h6 12. Nf3 Be6 13. Bxe6 Qxe6 14. Qxb7 O-O 15.
Qa6 Rfc8 16. b4 e4 17. dxe4 Qxe4 18. Qd3 Qd5 19. O-O Bf6 20. Bf4 Re8 21. Rfe1
Rad8 22. Rac1 Ne7 23. Rc5 Qa2 24. Rc2 Qe6 25. Rc4 Nd5 26. Bd2 Nb6 27. Rc2 Qg4
28. Nh2 Qd7 29. Nf3 Re6 30. Kf1 Rde8 31. Ng1 Qb7 32. Qf3 Qa6 33. Rc5 Nc4 34. Bc1
Ne5 35. Qb3 d3 36. Ra5 Qc6 37. e3 Qc2 38. Qxc2 dxc2 39. Re2 Rc8 40. Rc5 Rxc5 41.
bxc5 Rc6 42. Rxc2 Be7 43. Ne2 Nd3 44. Bd2 Rxc5 45. Rxc5 Bxc5 46. Nc3 Bxa3 47.
Nb5 Bc5 48. Ke2 Ne5 49. Bc3 Nc6 50. Kd3 Kf8 51. Kc4 Bb6 52. Kd5 Ne7+ 53. Kd6 Ke8
54. g4 a6 55. Na3 f6 56. Nc4 Bd8 57. h5 f5 58. f3 fxg4 59. fxg4 Nc8+ 60. Ke6 Nb6
61. Nxb6 Bxb6 62. e4 Be3 63. Bxg7 a5 64. Kd5 Kf7 65. Ba1 Ke7 66. Bd4 Bxd4 67.
Kxd4 Ke6 68. Kc4 Ke5 69. Kb5 Kf4 70. Kxa5 Kxg4 71. e5 Kf5 72. e6 Kxe6 73. Kb4
Kf5 74. Kc4 Kg4 75. Kd3 Kxh5 76. Ke3 Kg4 77. Kf2 Kh3 78. Kg1 Kg4 79. Kg2 Kh4 80.
Kh2 {Game drawn by mutual agreement} 1/2-1/2

[Event "Team 45 45 League T37 u"]
[Site "Internet Chess Club"]
[Date "2008.05.05"]
[Round "2"]
[White "nathesh"]
[Black "MPknight"]
[Result "0-1"]
[WhiteElo "1446"]
[BlackElo "1752"]
[Opening "Sicilian: Smith-Morra gambit"]
[ECO "B21"]
[Time "19:52:25"]
[TimeControl "2700+45"]

1. e4 c5 2. d4 cxd4 3. c3 dxc3 4. Nxc3 Nc6 5. Bc4 e6 6. Nf3 d6 7. Bf4 e5 8. Be3
Be7 9. Qe2 Nf6 10. Rd1 O-O 11. O-O a6 12. a4 Be6 13. Bxe6 fxe6 14. Ng5 Qc8 15.
Qc4 Nd8 16. Qb3 h6 17. Nh3 Nc6 18. f4 Kh8 19. Rf3 Na5 20. Qc2 Ng4 21. Bc1 Qc5+
22. Kh1 Rac8 23. Rdd3 Nc6 24. Rg3 h5 25. Qb3 Bh4 26. Qxe6 Bxg3 27. Rxg3 exf4 28.
Bxf4 Nf2+ 29. Nxf2 Qxf2 30. Be3 Qxe3 31. Ne2 Rf1+ 32. Ng1 Rxg1# {White
checkmated} 0-1

[Event "Team 45 45 League T37"]
[Site "Internet Chess Club"]
[Date "2008.05.07"]
[Round "2"]
[White "Mikey29a"]
[Black "Mutaant"]
[Result "1-0"]
[WhiteElo "1783"]
[BlackElo "1350"]
[Opening "Ruy Lopez: classical (Cordel) defense"]
[ECO "C64"]
[Time "15:01:21"]
[TimeControl "2700+45"]

1. e4 e5 2. Nf3 Nc6 3. Bb5 Bc5 4. Nxe5 Bxf2+ 5. Kxf2 Nxe5 6. Rf1 Qh4+ 7. Kg1 Nf6
8. d4 Nc6 9. c3 O-O 10. e5 Nd5 11. Qf3 Nde7 12. Bc4 Kh8 13. Bf4 f6 14. Bg3 Qg5
15. exf6 Rxf6 16. Qe4 d6 17. Rxf6 Qxf6 18. Bh4 Qf8 19. Nd2 Bf5 20. Bxe7 Nxe7 21.
Qxb7 c6 22. Rf1 Qe8 23. Re1 Bd7 24. Bf7 Qd8 25. Rxe7 {Black resigns} 1-0

[Event "Team 45 45 League T37"]
[Site "Internet Chess Club"]
[Date "2008.05.04"]
[Round "2"]
[White "lele"]
[Black "A-Ru"]
[Result "0-1"]
[WhiteElo "1922"]
[BlackElo "1834"]
[Opening "Queen's pawn"]
[ECO "A40"]
[Time "15:01:32"]
[TimeControl "2700+45"]

1. d4 e6 2. Nf3 d5 3. c4 c6 4. cxd5 exd5 5. Nc3 Bf5 6. Qb3 Qb6 7. Qxb6 axb6 8.
a3 b5 9. Nd1 Bd6 10. Bd2 Nf6 11. e3 Nbd7 12. Be2 Nb6 13. O-O b4 14. a4 Rxa4 15.
Rxa4 Nxa4 16. b3 Nb6 17. Nb2 Ke7 18. Ra1 Ra8 19. Rxa8 Nxa8 20. Bd3 Ne4 21. Be1
Nc7 22. Nd2 Nxd2 23. Bxd2 Bxd3 24. Nxd3 Na6 25. Kf1 b6 26. Ke1 c5 27. dxc5 bxc5
28. Nb2 Kd7 29. Ke2 Kc6 30. Kd3 Be5 31. Bc1 Kb5 32. Kc2 c4 33. f4 Bf6 34. Nd1
Nc5 35. bxc4+ dxc4 36. Kb1 Nd3 37. Nb2 Nxb2 38. Bxb2 Bxb2 39. Kxb2 Kc5 40. e4
Kd4 41. e5 Ke4 42. g3 g5 43. fxg5 Kxe5 44. h4 Kf5 {White resigns} 0-1

[Event "Team 45 45 League T37"]
[Site "Internet Chess Club"]
[Date "2008.05.05"]
[Round "2"]
[White "upsan"]
[Black "charles-allen"]
[Result "1/2-1/2"]
[WhiteElo "1869"]
[BlackElo "1831"]
[Opening "Petrov: classical attack"]
[ECO "C42"]
[Time "12:48:55"]
[TimeControl "2700+45"]

1. e4 e5 2. Nf3 Nf6 3. Nxe5 d6 4. Nf3 Nxe4 5. d4 d5 6. Bd3 Be7 7. O-O Bf5 8. c4
dxc4 9. Bxc4 O-O 10. Nc3 Nc6 11. Be3 Bf6 12. Nxe4 Bxe4 13. Nd2 Bd5 14. Bxd5 Qxd5
15. Qf3 Rad8 16. Qxd5 Rxd5 17. Nf3 Rfd8 18. Rac1 R8d7 19. Rfe1 Kf8 20. Bf4 Nxd4
21. Nxd4 Bxd4 22. Bxc7 Bc5 23. Bf4 Be7 24. g3 g6 25. Bh6+ Ke8 26. Rc8+ Rd8 27.
Rxd8+ Kxd8 28. Be3 {Game drawn by mutual agreement} 1/2-1/2

[Event "Team 45 45 League T37"]
[Site "Internet Chess Club"]
[Date "2008.05.05"]
[Round "2"]
[White "GrandPoobah069"]
[Black "Kingofknights"]
[Result "0-1"]
[WhiteElo "1673"]
[BlackElo "1821"]
[Opening "Caro-Kann: Panov-Botvinnik attack"]
[ECO "B13"]
[Time "19:03:20"]
[TimeControl "2700+45"]

1. e4 c6 2. d4 d5 3. exd5 cxd5 4. c4 Nf6 5. Nc3 a6 6. Bg5 e6 7. Nf3 dxc4 8. Bxc4
b5 9. Bb3 b4 10. Bxf6 Qxf6 11. Ne4 Qd8 12. d5 exd5 13. Bxd5 Ra7 14. Qd4 Rd7 15.
Qe5+ Be7 16. Qxg7 Rf8 17. Bb3 Bb7 18. Nfg5 Bxg5 19. Nxg5 Re7+ 20. Kf1 Qd3+ 21.
Kg1 Qg6 22. Qxg6 fxg6 23. Ba4+ Nd7 24. Rd1 Rf5 25. Ne6 Re5 26. Bxd7+ Rxd7 27.
Ng7+ Rxg7 28. Kf1 Rge7 29. a3 a5 30. f3 Re2 31. axb4 Ba6 32. Ra1 Rxb2+ 33. Kg1
Rbe2 34. h3 Re1+ 35. Kh2 Rxh1+ 36. Kxh1 Re5 37. bxa5 Kd7 38. f4 Rc5 39. Kg1 Kc7
40. Kf2 Rc3 41. g3 h5 42. Ra2 Bd3 43. Ke3 Bb1+ 44. Kd4 Rd3+ 45. Kc4 Rxg3 46. Rb2
Bd3+ 47. Kd4 Bf5 48. a6 Ra3 49. Rb7+ Kc6 50. h4 Rxa6 51. Rf7 Ra4+ 52. Ke5 Re4+
53. Kf6 Rxf4 54. Ra7 Rxh4 55. Ke5 Re4+ 56. Kf6 h4 57. Rh7 h3 58. Kg5 Rg4+ 59.
Kf6 Rg2 60. Ke5 h2 61. Kf4 Re2 62. Kg3 Kd5 63. Rh8 Be4 {White resigns} 0-1

[Event "Team 45 45 League T37"]
[Site "Internet Chess Club"]
[Date "2008.05.06"]
[Round "2"]
[White "boozehound"]
[Black "BraafPaard"]
[Result "1-0"]
[WhiteElo "1629"]
[BlackElo "1526"]
[Opening "Two knights defense"]
[ECO "C58"]
[Time "14:58:10"]
[TimeControl "2700+45"]

1. e4 e5 2. Nf3 Nc6 3. Bc4 Nf6 4. Ng5 d5 5. exd5 Na5 6. Bb5+ Bd7 7. Qe2 Qe7 8.
O-O h6 9. Bxd7+ Nxd7 10. Ne4 f5 11. Qh5+ Qf7 12. Qxf7+ Kxf7 13. Nec3 Nc4 14. d3
Nd6 15. Nd2 Rd8 16. f4 Be7 17. Nc4 Nxc4 18. dxc4 e4 19. Be3 a6 20. Rad1 Bc5 21.
Bxc5 Nxc5 22. b4 Nd7 23. d6 c5 24. bxc5 Nxc5 25. Rd5 {Black resigns} 1-0

[Event "Team 45 45 League T37"]
[Site "Internet Chess Club"]
[Date "2008.05.04"]
[Round "2"]
[White "Fegary"]
[Black "Silenita"]
[Result "1/2-1/2"]
[WhiteElo "2017"]
[BlackElo "1867"]
[Opening "Scandinavian: Pytel-Wade variation"]
[ECO "B01"]
[Time "14:30:54"]
[TimeControl "2700+45"]

1. e4 d5 2. exd5 Qxd5 3. Nc3 Qd6 4. d4 a6 5. Nf3 Nf6 6. Bd3 Nc6 7. O-O Bg4 8.
Ne4 Nxe4 9. Bxe4 O-O-O 10. Bxc6 Qxc6 11. Ne5 Bxd1 12. Nxc6 bxc6 13. Rxd1 c5 14.
Be3 cxd4 15. Bxd4 e6 16. Rd3 f6 17. Rad1 e5 18. Bc3 Rxd3 19. Rxd3 Bc5 20. Kf1
Rd8 21. Rxd8+ Kxd8 22. Ke2 Ke7 23. Bd2 Ke6 24. b4 Bd6 25. c4 c6 26. Kd3 f5 27.
f3 Bc7 28. Be3 g6 29. a4 Bd6 30. Bd2 Bc7 31. Bc3 Bb8 32. Be1 Bc7 33. Bd2 Bd6 34.
g3 h5 35. f4 exf4 36. gxf4 Bb8 37. b5 cxb5 38. axb5 axb5 39. cxb5 Kd5 40. Be3
Bd6 41. Kc3 Ke4 42. Bd2 h4 43. Kc4 h3 44. b6 Kf3 45. Kd5 Bb8 46. Kc6 Kg2 47. Kb7
Bd6 48. Kc6 Bb8 49. Kb7 Bd6 50. Kc6 Bb8 51. Kb7 {Game drawn by repetition}
1/2-1/2

[Event "Team 45 45 League T37"]
[Site "Internet Chess Club"]
[Date "2008.05.02"]
[Round "2"]
[White "andrew28"]
[Black "DeepStudy"]
[Result "0-1"]
[WhiteElo "1759"]
[BlackElo "1968"]
[Opening "Sicilian: Alapin's variation (2.c3)"]
[ECO "B22"]
[Time "16:09:50"]
[TimeControl "2700+45"]

1. e4 c5 2. c3 d5 3. exd5 Qxd5 4. d4 Nc6 5. Nf3 Bg4 6. Be2 O-O-O 7. O-O e6 8. h3
cxd4 9. hxg4 d3 10. Ng5 dxe2 11. Qxe2 Rd7 12. Be3 Bc5 13. c4 Qe5 14. Nf3 Nd4 15.
Nxe5 Nxe2+ 16. Kh1 h5 17. g5 Bxe3 18. Nxd7 Bd4 19. Nc3 Bxc3 20. bxc3 Kxd7 21.
Rab1 Kc6 22. Rfe1 Nf4 23. Rb5 Nd3 24. Re2 Ne7 25. g3 h4 26. g4 Ng6 27. Kh2 b6
28. Rd2 Nge5 29. Kh1 h3 30. f3 Nxc4 31. Rxd3 Kxb5 32. Rd7 Ne5 33. Rxa7 h2 34.
c4+ Kc5 35. Rc7+ Kd6 36. Rb7 Nd3 37. Rxb6+ Kc5 38. Rb1 Nf2+ 39. Kg2 h1=Q+ 40.
Rxh1 Nxh1 {White resigns} 0-1

[Event "Team 45 45 League T37"]
[Site "Internet Chess Club"]
[Date "2008.05.02"]
[Round "2"]
[White "qs16"]
[Black "rojito"]
[Result "0-1"]
[WhiteElo "1744"]
[BlackElo "1692"]
[Opening "King's Indian, 3.Nf3"]
[ECO "E61"]
[Time "17:06:45"]
[TimeControl "2700+45"]

1. d4 Nf6 2. c4 g6 3. Nf3 Bg7 4. Nc3 O-O 5. Bf4 d6 6. e3 c5 7. d5 Na6 8. a3 Bd7
9. Bd3 Nc7 10. O-O a6 11. Re1 b5 12. Qc2 Rb8 13. Rab1 b4 14. axb4 cxb4 15. Ne2
b3 16. Qd2 Nh5 17. Bg5 h6 18. Bh4 g5 19. Bg3 f5 20. h3 Nxg3 21. fxg3 e5 22. dxe6
Nxe6 23. e4 Nc5 24. Nfd4 fxe4 25. Bc2 bxc2 26. Nxc2 Qb6 27. Kh1 Nd3 28. Rf1
Rxf1+ 29. Rxf1 Qxb2 30. Nc1 Nxc1 31. Rxc1 Qe5 32. Qe3 Qb2 33. Qd2 Re8 34. Qe3
Qc3 35. Qe2 Qd3 36. Qg4 Bxg4 37. Rd1 Qxd1+ {White resigns} 0-1